Map: Submarine LE

Players

Amorin - Winner!

  • Race: Zerg Zerg
  • Spawn Location: 5:00

Massa

  • Race: Terran Terran
  • League: Platinum
  • Spawn Location: 11:00

VOD

Have the link to the VOD?

Description

Time

  • Played on: Feb. 26, 2021, 12:05 p.m.
  • Length: 15:20
Show
View Real Time Build Order
Export as new Build Order

Amorin Zerg - Winner!

Build Orders: Hatch First, Brood Lord Corruptor, Muta Ling Bane 

Get SALT Encoding   

  12  0:01  Drone  
  13  0:12  Overlord  
  13  0:16  Drone  
  14  0:31  Drone x2  
  16  0:49  Hatchery  
  15  0:59  Drone x2  
  17  1:11  Spawning Pool  
  17  1:17  Drone  
  17  1:18  Extractor  
  16  1:21  Drone  
  18  1:25  Drone  
  18  1:32  Drone  
  19  1:42  Drone  
  20  1:53  Drone  
  21  2:01  Queen  
  21  2:02  Queen  
  21  2:03  Zergling x2  
  26  2:17  Drone  
  26  2:22  Hatchery  
  26  2:40  Overlord  
  26  2:48  Drone x2  
  28  3:09  Drone x6  
  34  3:19  Queen  
  34  3:23  Metabolic Boost  
  34  3:25  Overlord  
  36  3:29  Pneumatized Carapace  
  36  3:35  Drone x4  
  40  3:49  Queen  
  40  3:50  Overlord  
  40  3:51  Drone x5  
  47  4:10  Spore Crawler  
  46  4:25  Zergling x2, Overlord x2  
  46  4:26  Zergling x12  
  53  4:35  Spore Crawler  
  53  4:38  Drone x3  
  55  4:39  Spore Crawler  
  55  4:40  Lair  
  55  4:42  Extractor  
  53  4:57  Baneling Nest  
  52  5:00  Overlord  
  52  5:03  Drone x8  
  60  5:18  Evolution Chamber  
  60  5:19  Queen  
  60  5:20  Overlord  
  60  5:21  Overlord  
  61  5:25  Drone x6  
  61  5:26  Extractor  
  66  5:30  Extractor  
  65  5:40  Baneling x9  
  65  5:41  Baneling x5  
  65  5:43  Zergling x2  
  65  5:44  Zergling x16  
  74  5:57  Drone x5, Extractor  
  74  5:58  Extractor  
  74  6:03  Overseer x2  
  77  6:08  Zergling x2  
  69  6:37  Zergling x2  
  69  6:38  Zergling x22  
  81  6:43  Centrifical Hooks  
  80  6:51  Extractor  
  80  6:53  Drone x3  
  81  7:09  Spire  
  81  7:10  Zerg Ground Armor Level 1  
  79  7:40  Baneling x9  
  79  7:46  Drone x6  
  79  7:47  Evolution Chamber  
  84  7:57  Infestation Pit  
  83  8:08  Hatchery  
  83  8:09  Zergling x14  
  83  8:10  Zergling x10  
  88  8:32  Drone x10  
  98  8:45  Overlord  
  98  9:03  Corruptor  
  98  9:04  Mutalisk x3  
  98  9:06  Overlord  
  98  9:07  Overlord x4  
  106  9:11  Hive  
  106  9:14  Zerg Melee Weapons Level 1  
  106  9:15  Zerg Missile Weapons Level 1  
  106  9:23  Queen x3  
  112  9:25  Overlord x3  
  112  9:26  Overlord  
  108  9:39  Hatchery  
  108  9:40  Drone  
  108  9:41  Drone x8  
  108  9:43  Baneling x4  
  108  9:44  Baneling x5  
  116  9:46  Mutalisk  
  116  9:47  Mutalisk  
  120  9:59  Queen x3  
  116  10:19  Zergling x2  
  116  10:20  Zergling x30  
  127  10:26  Greater Spire  
  127  10:33  Spine Crawler x2  
  119  11:07  Overlord  
  119  11:08  Overlord  
  119  11:09  Drone x9  
  128  11:14  Queen  
  130  11:38  Spore Crawler  
  130  11:39  Spine Crawler  
  128  11:41  Corruptor, Zerg Flyer Weapons Level 1  
  128  11:42  Corruptor x12  
  154  11:55  Extractor  
  154  11:57  Extractor  
  152  12:08  Overseer x2  
  152  12:09  Overlord  
  152  12:10  Overlord x3  
  152  12:11  Overlord  
  152  12:17  Extractor  
  152  12:19  Extractor  
  150  12:24  Zerg Ground Armor Level 2, Zerg Missile Weapons Level 2  
  150  12:25  Spore Crawler  
  147  12:39  Brood Lord  
  149  12:49  Brood Lord  
  151  12:52  Brood Lord  
  155  12:58  Brood Lord  
  155  13:17  Zergling x20  
  155  13:18  Zergling x18  
  174  13:21  Brood Lord  
  174  13:22  Brood Lord x2  
  180  13:41  Zergling x16  
  181  13:42  Zergling x10  
  193  14:02  Zergling x2  
  168  14:03  Zergling x26  
  158  14:22  Zergling x2  
  158  14:23  Zergling x12  
  157  14:39  Brood Lord  
  157  14:40  Brood Lord x2, Zergling x2  
  157  14:41  Zergling x16  
  172  14:47  Zergling x2  
  172  14:48  Zergling x6  
  172  14:54  Zergling x4  
Show
View Real Time Build Order
Export as new Build Order

Massa Terran 

Build Orders: Hellion Banshee 

Get SALT Encoding   

  12  0:00  SCV  
  13  0:12  SCV  
  14  0:19  Supply Depot  
  14  0:25  SCV  
  15  0:40  SCV  
  16  0:44  Barracks  
  16  0:48  Refinery  
  16  0:52  SCV  
  17  1:05  SCV  
  18  1:17  SCV  
  20  1:34  Orbital Command  
  20  1:37  Reaper  
  20  1:50  Command Center  
  20  2:04  SCV  
  20  2:05  Supply Depot  
  21  2:09  Marine  
  22  2:22  Factory  
  22  2:34  SCV  
  23  2:38  Supply Depot  
  23  2:46  SCV  
  24  2:59  SCV  
  25  3:05  Barracks  
  25  3:07  Starport  
  25  3:11  SCV  
  26  3:13  Refinery, Orbital Command  
  26  3:14  Supply Depot  
  25  3:21  Factory Reactor  
  25  3:22  Barracks Tech Lab  
  25  3:25  SCV  
  26  3:37  SCV  
  26  3:41  Marine  
  28  3:45  Starport Tech Lab  
  28  3:53  Engineering Bay  
  28  4:06  Cloaking Field  
  28  4:16  Hellion  
  32  4:17  Hellion  
  32  4:19  SCV x2  
  34  4:31  SCV x2, Marine  
  34  4:33  Marine  
  34  4:38  Hellion x2  
  42  4:39  Missile Turret  
  42  4:43  SCV x2  
  44  4:48  Banshee  
  44  4:49  Missile Turret  
  44  4:51  Barracks Reactor  
  47  4:59  Hellion x2, Marine  
  52  5:00  SCV x2  
  54  5:09  Terran Infantry Weapons Level 1  
  54  5:14  Armory  
  54  5:18  Barracks  
  54  5:21  Barracks  
  54  5:24  Stimpack  
  54  5:26  Hellion x2  
  49  6:46  Hellion x2  
  45  6:55  Barracks Reactor, Barracks Tech Lab, Marine x2  
  45  6:56  Marauder  
  49  7:02  Command Center, Medivac  
  49  7:04  SCV  
  49  7:05  SCV  
  49  7:07  Refinery x2  
  49  7:08  Terran Infantry Armor Level 1, Hellion x2  
  57  7:10  Terran Vehicle And Ship Armor Level 1  
  57  7:13  Marine x2  
  57  7:14  Factory  
  59  7:16  SCV  
  59  7:17  SCV  
  61  7:26  Supply Depot x2  
  61  7:29  Supply Depot  
  61  7:30  Supply Depot  
  61  7:31  Supply Depot  
  61  7:33  Hellion  
  61  7:35  Engineering Bay  
  61  7:45  Marine  
  61  7:47  Marine x3  
  61  7:48  Hellion, Marauder x2, Medivac  
  73  7:53  Supply Depot  
  73  7:54  Hellion  
  75  8:03  Marine  
  75  8:05  Marine  
  76  8:09  Hellion  
  79  8:16  Hellion  
  75  8:44  Medivac  
  75  8:46  Marauder x2  
  79  8:48  Factory Tech Lab  
  79  8:50  Terran Infantry Weapons Level 2  
  79  8:52  Concussive Shells  
  79  9:01  Marine x3  
  82  9:04  Widow Mine  
  82  9:05  Widow Mine  
  82  9:07  Marauder x2  
  90  9:11  SCV x2  
  90  9:13  Planetary Fortress  
  90  9:14  Medivac  
  94  9:17  Siege Tank  
  94  9:23  SCV x2  
  99  9:26  Widow Mine x2  
  99  9:28  Marauder x2  
  107  9:32  Drilling Claws  
  107  9:35  SCV x2  
  109  9:46  Barracks x2  
  109  9:47  Widow Mine x2, SCV x2  
  109  9:50  Marauder x2  
  119  9:59  SCV  
  121  10:00  SCV  
  121  10:11  Marauder x2  
  121  10:12  Terran Infantry Armor Level 2  
  118  10:54  Medivac  
  118  10:56  Widow Mine x2  
  114  11:02  SCV  
  114  11:03  SCV x2  
  117  11:07  Refinery, Barracks Tech Lab  
  117  11:08  Barracks Reactor, Marauder, Marine  
  117  11:09  Refinery, Marauder  
  122  11:13  Combat Shield  
  122  11:14  SCV  
  122  11:17  Widow Mine, Smart Servos  
  125  11:23  Supply Depot  
  125  11:24  Supply Depot  
  125  11:26  Supply Depot  
  125  11:29  Terran Vehicle And Ship Armor Level 2  
  125  11:45  SCV x2, Marauder x2, Sensor Tower, Medivac  
  125  11:46  SCV, Siege Tank  
  125  11:47  Missile Turret, Supply Depot  
  137  11:48  Supply Depot  
  137  11:53  Sensor Tower, Supply Depot  
  137  11:54  Widow Mine x2  
  141  12:05  Marauder  
  141  12:06  Marauder x2  
  147  12:12  Missile Turret  
  147  12:13  Supply Depot  
  147  12:15  Medivac, Supply Depot  
  149  12:16  Widow Mine x2  
  149  12:18  Siege Tank  
  149  12:20  Supply Depot  
  156  12:26  Marauder  
  156  12:28  Marauder x2  
  162  12:48  Marauder  
  162  12:50  Marauder x2, Siege Tank  
  171  12:52  SCV x3  
  174  13:04  SCV x3  
  177  13:09  Marauder  
  177  13:11  Marauder x2, Command Center  
  183  13:16  SCV x3  
  186  13:21  Missile Turret x2  
  186  13:22  Siege Tank  
  187  13:28  SCV  
  187  13:30  Marauder  
  187  13:32  Marauder  
  187  13:33  Marauder  
  196  13:49  Viking  
  196  13:59  Marauder  
  196  14:00  Marauder  
  196  14:01  Marauder  
  177  14:04  Marine  
  177  14:05  Marine x4  
  163  14:12  Thor  
  156  14:19  Viking  
  156  14:21  Marauder x2  
  156  14:22  Marauder  
  145  14:42  Marauder  
  145  14:43  Marauder  
  146  14:49  Viking  
  116  15:00  Marine  
  116  15:01  Marine x5  
Tags
 
Add a new tag
Caveats
  • Supply blocks, unpowered buildings, or Contaminate may cause inaccurate times.
  • Supply counts are checked every 10 seconds.